 Dungeon Crawl Stone Soup version 0.22-a0-282-gdd34a7d (webtiles) character file.

28 neds the Firebug (level 3, -3/25 HPs)
             Began as a Gnoll Fire Elementalist on Mar 17, 2018.
             Slain by a centaur (7 damage)
             ... on level 2 of the Dungeon.
             The game lasted 00:05:38 (1594 turns).

neds the Firebug (Gnoll Fire Elementalist)          Turns: 1594, Time: 00:05:38

Health: -3/25      AC:  2    Str: 11    XL:     3   Next: 12%
Magic:  5/9        EV: 14    Int: 17    God:
Gold:   30         SH:  0    Dex: 15    Spells: 11/12 levels left

rFire    . . .     SeeInvis .   d - +0 club
rCold    . . .     Gourm    .   (no shield)
rNeg     . . .     Faith    .   a - +0 robe
rPois    .         Spirit   .   (no helmet)
rElec    .         Reflect  .   (no cloak)
rCorr    .         Harm     .   (no gloves)
MR       .....                  (no boots)
Stlth    +++.......             (no amulet)
HPRegen  0.08/turn              (no ring)
MPRegen  0.11/turn              (no ring)

@: no status effects
A: distributed training, fangs 1, strong nose
a: no special abilities


You were on level 2 of the Dungeon.
You were not hungry.

You visited 1 branch of the dungeon, and saw 2 of its levels.

You collected 30 gold pieces.

Inventory:

Hand Weapons
 d - a +0 club (weapon)
 p - a +0 hunting sling
Armour
 a - a +0 robe (worn)
 h - a +0 leather armour
Jewellery
 f - an uncursed ring of ice {unknown}
Scrolls
 b - a scroll of teleportation {unknown}
 e - a scroll of amnesia {unknown}
 g - a scroll of remove curse {unknown}
 i - 2 scrolls of identify {unknown}
 j - a scroll of noise {unknown}
Potions
 k - a potion of curing {unknown}
 l - 2 potions of haste {unknown}
 m - 2 potions of mutation {unknown}
 n - a potion of agility {unknown}
Comestibles
 c - a ration
 o - 2 chunks of flesh


   Skills:
 + Level 0.6 Fighting
 + Level 0.6 Short Blades
 + Level 0.6 Long Blades
 + Level 0.6 Axes
 + Level 0.6 Maces & Flails
 + Level 0.6 Polearms
 + Level 0.6 Staves
 + Level 0.6 Slings
 + Level 0.6 Bows
 + Level 0.6 Crossbows
 + Level 0.6 Throwing
 + Level 0.6 Armour
 + Level 4.5 Dodging
 + Level 4.1 Stealth
 + Level 0.6 Shields
 + Level 0.6 Unarmed Combat
 + Level 5.0 Spellcasting
 + Level 2.1 Conjurations
 + Level 0.4 Hexes
 + Level 0.4 Charms
 + Level 0.4 Summonings
 + Level 0.4 Necromancy
 + Level 0.4 Translocations
 + Level 0.4 Transmutations
 + Level 5.4 Fire Magic
 + Level 0.4 Ice Magic
 + Level 0.4 Air Magic
 + Level 0.4 Earth Magic
 + Level 0.4 Poison Magic
 + Level 0.8 Invocations
 + Level 0.6 Evocations


You had 11 spell levels left.
You knew the following spells:

 Your Spells              Type           Power        Failure   Level  Hunger
a - Flame Tongue          Conj/Fire      ###..        3%          1    None


Dungeon Overview and Level Annotations

Branches:
Dungeon (2/15)

Altars:


Innate Abilities, Weirdness & Mutations

Your experience applies equally to all skills.
You have very sharp teeth.
Your uncanny sense of smell can sniff out nearby items.


Message History

The flame tongue hits the centaur.
The centaur is moderately wounded.
The centaur closely misses you. x2
Casting: Flame Tongue (safe; 3% risk of failure)
Confirm with . or Enter, or press ? or * to list all spells.
Aiming: Flame Tongue (safe; 3% risk of failure)
Press: ? - help, Shift-Dir - straight line, f/p - centaur
Aim: a centaur (moderately wounded)
The flame tongue misses the centaur.
The centaur hits you!
* * * LOW HITPOINT WARNING * * *
Casting: Flame Tongue (safe; 3% risk of failure)
Confirm with . or Enter, or press ? or * to list all spells.
Aiming: Flame Tongue (safe; 3% risk of failure)
Press: ? - help, Shift-Dir - straight line, f/p - centaur
Aim: a centaur (moderately wounded)
The flame tongue hits the centaur.
The centaur is heavily wounded.
The centaur hits you but does no damage.
The centaur hits you!
You die...

#.............
#.####..#..###
#.# ##...## #.#
#.## #.#####....
#...##[.##.#
#.#.##.# r#
#.#..#.# ..
#.##.#@##....
#......c......
#.............
#...........?.
#.............
#...>.........
........?......
........####....
......... ###


You could see a centaur.

Vanquished Creatures
  A dart slug (D:1)
  A giant cockroach (D:1)
  5 goblins
  6 hobgoblins (D:1)
  2 bats (D:1)
  2 frilled lizards (D:1)
  2 kobolds
  4 rats (D:1)
23 creatures vanquished.

Notes
Turn   | Place    | Note
-------+----------+-------------------------------------------
     0 | D:1      | neds the Gnoll Fire Elementalist began the quest for the Orb.
     0 | D:1      | Reached XP level 1. HP: 13/13 MP: 6/6
   308 | D:1      | Reached XP level 2. HP: 19/19 MP: 7/7
  1069 | D:1      | Reached XP level 3. HP: 14/25 MP: 9/9
  1525 | D:2      | Reached skill level 5 in Spellcasting
  1577 | D:2      | Noticed a centaur
  1594 | D:2      | Slain by a centaur

Vault maps used:
D:1:      nagdon_arrival_double_spiral

Skill      XL: |  1  2  3 |
---------------+----------+-----
Conjurations   | 2 |  2.1
Spellcasting   | 5 |  5.0
Fighting       | |  0.6
Short Blades   | |  0.6
Long Blades    | |  0.6
Axes           | |  0.6
Maces & Flails | |  0.6
Polearms       | |  0.6
Staves         | |  0.6
Slings         | |  0.6
Bows           | |  0.6
Crossbows      | |  0.6
Throwing       | |  0.6
Armour         | |  0.6
Dodging        | |  4.5
Stealth        | |  4.1
Shields        | |  0.6
Unarmed Combat | |  0.6
Hexes          | |  0.4
Charms         | |  0.4
Summonings     | |  0.4
Necromancy     | |  0.4
Translocations | |  0.4
Transmutations | |  0.4
Fire Magic     | |  5.4
Ice Magic      | |  0.4
Air Magic      | |  0.4
Earth Magic    | |  0.4
Poison Magic   | |  0.4
Invocations    | |  0.8
Evocations     | |  0.6

Action                   || total
-------------------------++-------
Melee: Club              ||    84
       Bite              ||    10
 Cast: Flame Tongue      ||    12
 Stab: Sleeping          ||     5
  Eat: Chunk             ||     2
Armor: Robe              ||    12
Dodge: Dodged            ||    71

Table legend:
 A = Spawn XP
 B = Non-spawn XP
 C = Spawn XP percentage of total XP
 D = Spawn monster count
 E = Non-spawn monster count
 F = Spawn count percentage of total count
 G = Total turns spent on level
                    A         B        C        D         E        F      G
               +---------+---------+-------+---------+---------+-------+---------
         Total |       0 |      40 |   0.0 |       0 |      23 |   0.0 |  1594
               +---------+---------+-------+---------+---------+-------+---------
           D:1 |       0 |      36 |   0.0 |       0 |      21 |   0.0 |  1520
           D:2 |       0 |       4 |   0.0 |       0 |       2 |   0.0 |    74
               +---------+---------+-------+---------+---------+-------+---------
